 Dungeon Crawl Stone Soup version 0.20.1-1-g8b1a95d (webtiles) character file.

171 Iko the Skirmisher (level 5, 0/44 HPs)
             Began as a Barachi Berserker on Apr 30, 2018.
             Was a Follower of Trog.
             Slain by a sky beast (6 damage)
             ... on level 5 of the Dungeon.
             The game lasted 00:07:15 (549 turns).

Iko the Skirmisher (Barachi Berserker)               Turns: 549, Time: 00:07:16

Health: 0/44       AC:  7    Str: 18    XL:     5   Next: 51%
Magic:  5/5        EV: 12    Int:  9    God:    Trog [*.....]
Gold:   10         SH:  0    Dex: 11    Spells: 4/4 levels left

rFire    + . .     SeeInvis .   h - +0 spear
rCold    . . .     Gourm    .   (no shield)
rNeg     . . .     Faith    .   g - +0 ring mail
rPois    .         Spirit   .   (no helmet)
rElec    .         Reflect  .   (no cloak)
rCorr    .         Harm     .   e - +0 pair of gloves
MR       .....                  (no boots)
Stlth    +.........             (no amulet)
Regen    0.2/turn               d - ring of protection from fire
MPRegen  0.1/turn               (no ring)

@: berserk cooldown, slow
A: +LOS, swims, shaggy fur 1, slowness 1, strong legs 1
a: Hop, Berserk, Burn Spellbooks, Renounce Religion


You were on level 5 of the Dungeon.
You worshipped Trog.
Trog was aware of your devotion.
You were hungry.

You visited 1 branch of the dungeon, and saw 5 of its levels.

You collected 10 gold pieces.

Inventory:

Hand Weapons
 a - a +0 short sword
 b - a +0 giant spiked club
 h - a +0 spear (weapon)
 j - a +0 dagger
Armour
 e - a +0 pair of gloves (worn)
 g - a +0 ring mail (worn)
Jewellery
 d - a ring of protection from fire (left hand)
Comestibles
 c - a bread ration


   Skills:
 + Level 5.1 Fighting
 + Level 4.1 Short Blades
 + Level 1.9 Polearms
 + Level 3.2 Armour
 + Level 3.1 Dodging


You had 4 spell levels left.
You didn't know any spells.

Dungeon Overview and Level Annotations

Branches:
Dungeon (5/15)
 Temple: D:4-7

Altars:


Innate Abilities, Weirdness & Mutations

Shadows flee at your approach. (+LOS)
You can swim through water.
You cover ground slowly.
You can hop short distances.
You are covered in fur. (AC +1)


Message History

You hit the adder.
You kill the adder!
Trog accepts your kill.
Your Dodging skill increases to level 3!
You feel yourself speed up.
A sky beast comes into view.
You see here a scroll labeled PEOG FALEFF.
f - a scroll labeled PEOG FALEFF
As you read the scroll labeled PEOG FALEFF, it crumbles to dust.
It is a scroll of amnesia.
You feel forgetful for a moment. The sky beast closely misses you.
You closely miss the sky beast.
The sky beast hits you but does no damage.
Your ring mail prevents you from hitting the sky beast.
The sky beast hits you but does no damage.
You miss the sky beast. The sky beast hits you.
* * * LOW HITPOINT WARNING * * *
The sky beast shocks you.
You die...

..... #.#.# #.#.#
# #.#.# # #.#.#.#
###
###.##.#.#.#...
..........#.#####
#.##.#..........
#....Y@....#####
..#.##..#†...#
#.......<....#
###.#####..#.# #
....... ##..#...#
.........
#..#...#.#
...#...#.#


You could see a sky beast.

Vanquished Creatures
  An ogre (D:4)
  An orc wizard (D:3)
  A bullfrog skeleton (D:4)
  An adder (D:5)
  A dart slug (D:2)
  3 orcs (D:3)
  2 giant cockroaches
  A goblin (D:1)
  A quokka skeleton (D:4)
12 creatures vanquished.

Notes
Turn   | Place    | Note
-------+----------+-------------------------------------------
     0 | D:1      | Iko the Barachi Berserker began the quest for the Orb.
     0 | D:1      | Reached XP level 1. HP: 18/18 MP: 1/1
    92 | D:2      | Gained mutation: You possess an exceptional clarity of mind. [potion of mutation]
    92 | D:2      | Lost mutation: You possess an exceptional clarity of mind. [potion of mutation]
    92 | D:2      | Gained mutation: You are covered in fur. (AC +1) [potion of mutation]
   119 | D:3      | Noticed an orc wizard
   124 | D:3      | Reached skill level 4 in Fighting
   124 | D:3      | Reached XP level 2. HP: 21/25 MP: 2/2
   136 | D:3      | Reached XP level 3. HP: 5/31 MP: 3/3
   137 | D:3      | HP: 2/46 [orc (4)]
   176 | D:5      | Entered Level 5 of the Dungeon
   499 | D:4      | Noticed an ogre
   512 | D:4      | Killed an ogre
   512 | D:4      | Reached skill level 1 in Polearms
   512 | D:4      | Reached XP level 4. HP: 12/38 MP: 4/4
   512 | D:4      | Reached XP level 5. HP: 13/43 MP: 5/5
   514 | D:4      | Reached skill level 5 in Fighting
   543 | D:5      | Noticed a sky beast
   549 | D:5      | Slain by a sky beast

Skill      XL: |  1  2  3  4  5 |
---------------+----------------+-----
Fighting       | 4 5 |  5.1
Short Blades   | 4 |  4.1
Polearms       | 1 |  1.9
Armour         | 3 |  3.2
Dodging        | 3 |  3.1

Action                   |  1- 3 |  4- 6 || total
-------------------------+-------+-------++-------
Melee: Spear             |    32 |    19 ||    51
       Short sword       |     6 |       ||     6
Invok: Berserk           |     2 |       ||     2
  Use: Scroll            |     1 |     1 ||     2
       Potion            |     1 |       ||     1
Armor: Animal skin       |     5 |       ||     5
       Ring mail         |     2 |    14 ||    16
Dodge: Dodged            |    30 |    14 ||    44
